Get step-by-step instructions on how to execute this build order below. Start the game timer, and the build order will tick by so you can play in parallel with StarCraft on a second screen or mobile device.

Game Time

  0:00

Last Step

  N/A

Next Step

  12  0:01  Drone  

Upcoming Step

  13  0:11  Drone  

Don't want to look back and forth between 2 screens? Try out our Overwolf App, the Spawning Tool Build Advisor to get an in-game overlay with this build!

Complete Build Order

  12  0:01  Drone  
  13  0:11  Drone  
  14  0:19  Overlord  
  14  0:25  Extractor  
  14  0:27  Extractor, Drone  
  13  0:31  Drone  
  16  0:38  Drone  
  17  0:44  Drone  
  18  1:01  Hatchery  
  18  1:03  Drone  
  18  1:07  Drone  
  19  1:17  Drone  
  20  1:25  Spawning Pool  
  19  1:29  Drone  
  20  1:39  Extractor, Drone  
  20  1:48  Overlord  
  20  2:00  Drone  
  21  2:10  Drone  
  21  2:14  Queen x2  
  27  2:15  Zergling x2  
  27  2:21  Zergling x2  
  28  2:28  Overlord  
  28  2:33  Drone  
  29  2:37  Drone  
  29  2:39  Metabolic Boost  
  29  2:42  Drone  
  31  2:45  Drone  
  32  2:53  Queen x2  
  36  2:59  Drone  
  36  3:00  Drone  
  38  3:08  Drone  
  38  3:09  Drone  
  40  3:18  Drone  
  40  3:19  Drone  
  42  3:31  Hatchery, Lair  
  42  3:34  Drone x2  
  41  3:41  Drone x3  
  41  3:45  Overlord  
  44  3:57  Roach Warren  
  44  3:59  Drone  
  44  4:00  Extractor x2  
  42  4:08  Drone x3  
  42  4:09  Drone x3  
  48  4:11  Drone x2  
  50  4:20  Drone x2  
  50  4:21  Evolution Chamber, Overlord  
  51  4:34  Zergling x2  
  51  4:36  Overlord x2  
  52  4:46  Zerg Missile Weapons Level 1, Extractor  
  52  4:47  Glial Reconstitution  
  52  4:49  Drone x2  
  52  4:50  Drone x4  
  58  4:52  Drone  
  58  5:06  Roach  
  58  5:07  Roach x4  
  64  5:11  Overseer, Spore Crawler  
  67  5:21  Drone x5  
  69  5:22  Drone  
  69  5:26  Overlord x2  
  73  5:36  Nydus Network, Overseer  
  73  5:40  Overlord  
  72  5:54  Roach x7  
  86  6:11  Roach x9  
  88  6:17  Roach  
  106  6:23  Overlord x4  
  106  6:36  Overlord  
  106  6:37  Overlord  
  106  6:40  Queen x2  
  106  6:41  Roach  
  106  6:45  Nydus Canal  
  112  6:48  Roach x5  
  112  6:49  Roach  
  125  6:54  Zergling x2  
  125  6:58  Roach x4  
  133  7:15  Roach x6